 Dungeon Crawl Stone Soup version 0.20.0 (webtiles) character file.

107 Danakh the Grave Robber (level 4, -4/30 HPs)
             Began as a Mummy Necromancer on May 29, 2017.
             Slain by enarc13's ghost (9 damage)
             ... on level 3 of the Dungeon.
             The game lasted 00:07:34 (2115 turns).

Danakh the Grave Robber (Mummy Necromancer)         Turns: 2115, Time: 00:07:34

Health: -4/30      AC:  3    Str: 11    XL:     4   Next: 56%
Magic:  10/10      EV: 12    Int: 15    God:
Gold:   89         SH:  0    Dex: 12    Spells: 7/12 levels left

rFire    x . .     SeeInvis .   j - +0 dagger
rCold    + . .     Gourm    .   (no shield)
rNeg     + + +     Faith    .   a - +0 robe
rPois    ∞         Spirit   .   g - +0 helmet
rElec    .         Reflect  .   (no cloak)
rCorr    .         Harm     .   (no gloves)
MR       .....                  (no boots)
Stlth    ++........             (no amulet)
Regen    0.1/turn               f - ring of flight
MPRegen  0.2/turn               (no ring)

@: no status effects
A: no food or potions, fire vulnerability, cold resistance 1, negative energy
resistance 3, torment resistance, unbreathing
a: Evoke Flight


You were on level 3 of the Dungeon.
You were not hungry.

You visited 1 branch of the dungeon, and saw 3 of its levels.

You collected 89 gold pieces.

Inventory:

Hand Weapons
 j - a +0 dagger (weapon)
Armour
 a - a +0 robe (worn)
 g - a +0 helmet (worn)
Jewellery
 f - a ring of flight (left hand)
Wands
 l - a wand of digging (15/24)
Scrolls
 c - a scroll of recharging {unknown}
 d - a scroll of fog {unknown}
 e - a scroll of teleportation {unknown}
 h - a scroll of blinking {unknown}
 i - a scroll of magic mapping {unknown}
 k - a scroll of random uselessness {unknown}
 m - a scroll of identify {unknown}
Books
 b - a book of Necromancy

   Spells                             Type                      Level
   a - Pain                           Necromancy                   1
   b - Animate Skeleton               Necromancy                   1
   c - Vampiric Draining              Necromancy                   3
   d - Regeneration                   Charms/Necromancy            3
   e - Animate Dead                   Necromancy                   4
   f - Control Undead                 Necromancy                   4


   Skills:
 - Level 1.5 Dodging
 - Level 1.5 Stealth
 + Level 4.5 Spellcasting
 * Level 5.1 Necromancy


You had 7 spell levels left.
You knew the following spells:

 Your Spells              Type           Power        Failure   Level  Hunger
a - Pain                  Necr           ###.         1%          1    N/A
c - Vampiric Draining     Necr           ###.......   6%          3    N/A
z - Animate Skeleton      Necr           N/A          1%          1    N/A

Dungeon Overview and Level Annotations

Branches:
Dungeon (3/15)

Altars:

Annotations:
D:3 enarc13's ghost, amateur CeFi


Innate Abilities, Weirdness & Mutations

You do not eat or drink.
Your flesh is vulnerable to fire.
You are immune to poison.
Your flesh is cold resistant. (rC+)
You are immune to negative energy. (rN+++)
You are immune to unholy pain and torment.
You can survive without breathing.


Message History

Enarc13's ghost (amateur Centaur Fighter) comes into view.
Okay, then.
Enarc13's ghost turns its malevolent gaze towards you.
Enarc13's ghost completely misses you. Enarc13's ghost barely misses you.
Enarc13's ghost says, "You can hit me, but you can't hurt me."
Enarc13's ghost closely misses you.
Enarc13's ghost hits you but does no damage.
Enarc13's ghost says, "You can hit me, but you can't hurt me."
Enarc13's ghost hits you but does no damage.
Enarc13's ghost hits you. Enarc13's ghost hits you. Enarc13's ghost misses you.
Enarc13's ghost hits you! Enarc13's ghost hits you!
* * * LOW HITPOINT WARNING * * *
Enarc13's ghost shrieks, "You will never get the ORB!"
Enarc13's ghost closely misses you. Enarc13's ghost hits you!
You die...

########### #.........#####
#.#######.#...## #.#
###..###.#########
######.#####.................
.............###..#.########.
.#####.#####.# #.....# ...#
#.# #.###..##.# ##.###.#
#...W@<##.# #.....#
##.###.##.# ##.##### #.#
#.##.# [..# ###.###.##.# .###
#.....#[##.# .# #.###.#.##.#
.# #.# #...##.# .# #.###.###
.# #.....#


You could see enarc13's ghost.

Vanquished Creatures
  3 adders
  3 gnolls
  4 dart slugs
  A leopard gecko (D:1)
  2 bats (D:1)
  3 giant cockroaches
  6 goblins
  5 hobgoblins
  A quokka (D:2)
  2 ball pythons (D:2)
  7 frilled lizards
  A kobold (D:1)
  7 rats
45 creatures vanquished.

Notes
Turn   | Place    | Note
-------+----------+-------------------------------------------
     0 | D:1      | Danakh the Mummy Necromancer began the quest for the Orb.
     0 | D:1      | Reached XP level 1. HP: 13/13 MP: 4/4
   160 | D:1      | Reached XP level 2. HP: 19/19 MP: 0/6
   804 | D:1      | Reached XP level 3. HP: 20/24 MP: 0/8
   935 | D:1      | Learned a level 1 spell: Animate Skeleton
   939 | D:1      | Learned a level 3 spell: Vampiric Draining
  1427 | D:1      | Reached XP level 4. HP: 16/30 MP: 1/10
  1521 | D:2      | Reached skill level 5 in Necromancy
  2068 | D:3      | Noticed enarc13's ghost (amateur CeFi)
  2115 | D:3      | Slain by enarc13's ghost

Skill      XL: |  1  2  3  4 |
---------------+-------------+-----
Spellcasting   | 3 4 |  4.5
Necromancy     | 5 |  5.1
Dodging        | |  1.5
Stealth        | |  1.5

Action                   |  1- 3 |  4- 6 || total
-------------------------+-------+-------++-------
Melee: Unarmed           |    11 |       ||    11
       Dagger            |     1 |       ||     1
 Cast: Pain              |    78 |    30 ||   108
       Animate Skeleton  |     1 |     2 ||     3
Armor: Robe              |     2 |     3 ||     5
Dodge: Dodged            |     8 |    12 ||    20
